 Dungeon Crawl Stone Soup version 0.30-a0-311-gf115ab0292 (webtiles) character file.

Game seed: 6964898663376521493

3812 lesbiats the Ruffian (level 9, -6/92 HPs)
             Began as a Troll Fighter on Oct 26, 2022.
             Was an Initiate of Gozag.
             Succumbed to their own poison gas
             ... on level 8 of the Dungeon.
             The game lasted 00:33:58 (7812 turns).

lesbiats the Ruffian (Troll Fighter)                Turns: 7812, Time: 00:34:00

Health: -6/92      AC:  5    Str: 30    XL:     9   Next: 96%
Magic:  8/8        EV: 11    Int:  4    God:    Gozag
Gold:   562        SH:  8    Dex: 15    Spells: 8/8 levels left

rFire   . . .      SeeInvis .      - Unarmed
rCold   . . .      Faith    .    b - +0 kite shield
rNeg    . . .      Spirit   .    a - +0 robe
rPois   .          Reflect  .    (helmet restricted)
rElec   .          Harm     .    J - +0 cloak
rCorr   .          Rampage  .    (gloves unavailable)
Will    .....                    (boots unavailable)
Stlth   +.........               (no amulet)
HPRegen 1.15/turn                o - +6 ring of dexterity
MPRegen 0.11/turn                D - +4 ring of slaying

@: lethally poisoned (-6 -> -60)
A: large, unfitting armour, claws 3, regeneration 1, shaggy fur 1, tough skin 1
a: Renounce Religion, Potion Petition, Call Merchant, Bribe Branch


You were on level 8 of the Dungeon.
You worshipped Gozag.
Gozag was pleased with you.
You visited 2 branches of the dungeon, and saw 9 of its levels.

You collected 780 gold pieces.
You spent 88 gold pieces at shops.
You paid 130 gold pieces to Gozag.

Inventory:

Hand Weapons
 w - a +0 executioner's axe
Missiles
 h - 28 stones (quivered)
 l - 20 poisoned darts
 r - 5 javelins
 C - 4 silver boomerangs
 H - 6 boomerangs
Armour
 a - a +0 robe (worn)
 b - a +0 kite shield (worn)
 J - a +0 cloak (worn)
Jewellery
 d - an amulet of magic regeneration
 o - a +6 ring of dexterity (left claw)
 D - a +4 ring of slaying (right claw)
 G - a +4 ring of protection
Scrolls
 e - 4 scrolls of enchant armour
 g - 2 scrolls of fog
 i - 2 scrolls of amnesia
 k - 3 scrolls of poison
 m - a scroll of vulnerability {unknown}
 n - 2 scrolls of enchant weapon
 p - 7 scrolls of teleportation
 t - a scroll of blinking {unknown}
 x - 3 scrolls of magic mapping
 y - a scroll of fear {unknown}
 E - 4 scrolls of noise
Potions
 c - 2 potions of might
 f - a potion of flight {unknown}
 j - 5 potions of curing
 q - 2 potions of lignification
 s - 2 potions of brilliance {unknown}
 u - 2 potions of magic
 v - a potion of haste {unknown}
 z - 2 potions of ambrosia
 A - a potion of degeneration {unknown}
 B - 3 potions of mutation
 F - a potion of cancellation {unknown}
 I - a potion of attraction {unknown}


   Skills:
 + Level 6.5 Fighting
 + Level 6.3 Throwing
 + Level 6.5 Dodging
 + Level 2.8 Shields
 + Level 7.4 Unarmed Combat


You had 8 spell levels left.
You didn't know any spells.
Your spell library contained the following spells:

 Spells                   Type           Power      Damage    Failure   Level
 Beastly Appendage        Tmut           0%         N/A       80%         1
 Shock                    Conj/Air       0%         1d3       80%         1
 Wereblood                Tmut           0%         N/A       91%         2
 Dazzling Flash           Conj/Hex       0%         N/A       99%         3
 Gell's Gravitas          Tloc           0%         N/A       99%         3
 Lesser Beckoning         Tloc           0%         N/A       99%         3
 Spider Form              Tmut/Pois      0%         N/A       99%         3
 Swiftness                Air            0%         N/A       99%         3
 Teleport Other           Tloc           0%         N/A       99%         3
 Airstrike                Air            0%         2d(0-16)  100%        4
 Agony                    Necr           0%         N/A       100%        5
 Silence                  Hex/Air        0%         N/A       100%        5


Dungeon Overview and Level Annotations

Branches:
Dungeon (8/15)             Temple (1/1) D:5
   Lair: D:8-11

Altars:
Ashenzari
Dithmenos
Elyvilon
Fedhas
Gozag
Hepliaklqana
Kikubaaqudgha
Makhleb
Nemelex Xobeh
Okawaru
Qazlal
Ru
Sif Muna
Trog
Uskayaw
Vehumet
Wu Jian
Xom
Yredelemnul
Zin
The Shining One

Shops:
D:2 (   D:5 =   D:6 ?

Annotations:
D:7 1 runed translucent door, Lobster4's ghost, novice DrVM


Innate Abilities, Weirdness & Mutations

You are too large for most types of armour.
You have claws for hands.
Your natural rate of healing is unusually fast.
You are covered in fur. (AC +1)
You have tough skin. (AC +1)


Message History

The killer bee buzzes angrily.
The orc hits you with a +0 mace.
Really read the scroll of poison?
The air fills with toxic fumes!
As you read the scroll of poison, it crumbles to dust.
You feel very sick. You block the killer bee's attack.
You block the orc's attack. The killer bee misses you.
Really walk into that cloud of poison gas?
Okay, then.
Really walk into that cloud of poison gas?
Uppercase [Y]es or [N]o only, please.
Really walk into that cloud of poison gas?
You are engulfed in poison gas.
You are more poisoned.
You feel very sick. The killer bee closely misses you.
The orc hits you with a +0 mace.
You are engulfed in poison gas.
You are more poisoned.
You feel extremely sick.
You are confused.
You feel invigorated.
You are engulfed in poison gas.
You are lethally poisoned!
* * * LOW HITPOINT WARNING * * *
x2 You feel extremely sick.
You are engulfed in poison gas.
You are more poisoned.
* * * LOW HITPOINT WARNING * * *
You feel extremely sick. The killer bee stings you.
* * * LOW HITPOINT WARNING * * *
You are more poisoned.
The killer bee poisons you! The killer bee stings you.
* * * LOW HITPOINT WARNING * * *
You bump into the rock wall.
You are engulfed in poison gas.
You are more poisoned.
* * * LOW HITPOINT WARNING * * *
You feel less invigorated.
You feel less confused.
You die...
Your body crumbles into a pile of gold.

#.# #.# #.# #..
#####§######## #####
###...§§........
.....
####...###§########
##### #........#§#
#........#§#
#........#§##### #
#####'#####§☼@§§§# #
y###.......y.yyy###.#
# ......?.[.§☼§y§o# #
....##...§§§§§§§# #
......[#+#####§§# #
#..... #§§# ##...#
#§§.. #.### ##.### #.
..#


You could see 5 killer bees and an orc.

Vanquished Creatures
  Grinder (D:3)
  Prince Ribbit (D:6)
  A shadow (D:4)
  6 yaks (D:6)
  Menkaure (D:6)
  Duvessa (D:4)
  A sky beast (D:7)
  4 ice beasts
  A centaur (D:7)
  The ghost of silentkaos13 the Trooper, an amateur DsFi (D:3)
  2 ogres (D:5)
  A phantom (D:5)
  A necrophage (D:4)
  2 scorpions
  2 water moccasin zombies (D:5)
  Dowan (D:4)
  2 vampire bats (D:5)
  A centaur zombie (D:5)
  3 bullfrog zombies (D:5)
  2 hounds
  Crazy Yiuf (D:3)
  2 orc priests (D:5)
  3 iguanas (D:4)
  Natasha (thrice) (D:3)
  Terence (D:2)
  4 orc wizards
  A hound skeleton (D:5)
  Robin (D:2)
  10 adders
  6 gnolls
  A howler monkey skeleton (D:5)
  A white imp (D:4)
  A worm (D:5)
  A dart slug (D:1)
  25 orcs
  3 ball pythons
  3 bat skeletons (D:5)
  2 bat zombies (D:5)
  13 endoplasms
  3 giant cockroaches
  9 goblins
  9 hobgoblins
  2 jackals (D:2)
  13 kobolds
  4 quokkas
  4 bats (D:1)
  5 frilled lizards
  3 rats (D:2)
169 creatures vanquished.

Vanquished Creatures (others)
  2 withered plants (D:5)
2 creatures vanquished.

Grand Total: 171 creatures vanquished

Notes
Turn   | Place    | Note
-------+----------+-------------------------------------------
     0 | D:1      | lesbiats the Troll Fighter began the quest for the Orb.
     0 | D:1      | Reached XP level 1. HP: 22/22 MP: 0/0
   166 | D:1      | Reached XP level 2. HP: 20/29 MP: 1/1
   278 | D:1      | Found a faded altar of an unknown god.
   703 | D:2      | Reached XP level 3. HP: 32/36 MP: 2/2
   762 | D:2      | Found Qiuddih's Weapon Boutique.
   771 | D:2      | Bought 9 stones for 11 gold pieces
   900 | D:2      | Reached skill level 1 in Throwing
   900 | D:2      | Reached XP level 4. HP: 32/45 MP: 3/3
  1257 | D:2      | Noticed Robin
  1312 | D:2      | Killed Robin
  1313 | D:2      | Reached skill level 3 in Unarmed Combat
  1417 | D:2      | Noticed Terence
  1432 | D:2      | Killed Terence
  1433 | D:2      | Reached XP level 5. HP: 26/53 MP: 4/4
  1726 | D:3      | Found a runed translucent gate.
  1803 | D:3      | Noticed silentkaos13's ghost (amateur DsFi)
  1807 | D:3      | Found a runed translucent gate.
  1807 | D:3      | Found a runed translucent gate.
  1839 | D:3      | Killed silentkaos13's ghost
  1862 | D:3      | Reached XP level 6. HP: 40/61 MP: 5/5
  2149 | D:3      | Noticed Grinder
  2162 | D:3      | Paralysed by Grinder for 4 turns
  2615 | D:3      | Paralysed by Grinder for 4 turns
  2627 | D:3      | Paralysed by Grinder for 4 turns
  2631 | D:3      | Killed Grinder
  2632 | D:3      | Reached skill level 4 in Unarmed Combat
  2632 | D:3      | Reached XP level 7. HP: 55/70 MP: 6/6
  2698 | D:3      | Noticed Natasha
  2707 | D:3      | Killed Natasha
  2831 | D:3      | Noticed Natasha
  2836 | D:3      | Killed Natasha
  2909 | D:3      | Found a runed translucent door.
  2910 | D:3      | Noticed Crazy Yiuf
  2922 | D:3      | Killed Crazy Yiuf
  3088 | D:3      | Noticed Natasha
  3110 | D:3      | Killed Natasha
  3554 | D:4      | Noticed Duvessa
  3559 | D:4      | Noticed Dowan
  3799 | D:4      | Killed Duvessa
  3813 | D:4      | Killed Dowan
  3989 | D:5      | Entered Level 5 of the Dungeon
  4060 | D:4      | Reached XP level 8. HP: 74/76 MP: 7/7
  4070 | D:5      | Reached skill level 5 in Unarmed Combat
  4376 | D:5      | Reached skill level 5 in Fighting
  4484 | D:4      | Reached skill level 5 in Dodging
  4932 | D:5      | Reached skill level 6 in Unarmed Combat
  4983 | D:5      | Reached skill level 5 in Throwing
  5033 | D:5      | Found Ritin's Jewellery Shop.
  5209 | D:5      | Reached XP level 9. HP: 88/88 MP: 8/8
  5291 | D:5      | Found a sparkling altar of Nemelex Xobeh.
  5313 | D:5      | Found a staircase to the Ecumenical Temple.
  5356 | Temple   | Entered the Ecumenical Temple
  5572 | Temple   | Became a worshipper of Gozag Ym Sagoz the Greedy
  5714 | D:5      | Found an ancient bone altar of Kikubaaqudgha.
  5822 | D:6      | Noticed Menkaure
  5829 | D:6      | Killed Menkaure
  5851 | D:6      | Noticed Prince Ribbit
  5861 | D:6      | Killed Prince Ribbit
  6101 | D:6      | Found a stormy altar of Qazlal.
  6141 | D:6      | Found Ubrici's Magic Scroll Emporium.
  6154 | D:6      | Bought a scroll of identify for 22 gold pieces
  6154 | D:6      | Bought a scroll of identify for 22 gold pieces
  6154 | D:6      | Bought a scroll of teleportation for 33 gold pieces
  6371 | D:6      | Reached skill level 7 in Unarmed Combat
  6784 | D:7      | Found a broken altar of Ashenzari.
  7012 | D:7      | Found a sacrificial altar of Ru.
  7373 | D:7      | Found a runed translucent door.
  7373 | D:7      | Noticed a five-headed hydra
  7373 | D:7      | Noticed Lobster4's ghost (novice DrVM)
  7812 | D:8      | HP: 1/92 [cloud of poison gas (8)]
  7812 | D:8      | Succumbed to their own poison gas

Illustrated notes

Levels and vault maps discovered:
D:1:      giann_wishing_wells, layout_rooms, hellmonk_ecumenical_altar_lost_god,
          grunt_decor_cap, minmay_tetromino_t4
D:2:      wander_river, layout_basic, serial_shops,
          nicolae_shop_temple_entry_statues_fountains, uniq_robin, uniq_terence
D:3:      layout_loops_ring, gammafunk_ghost_split, grunt_ministairs_5,
          uniq_crazy_yiuf_cottage, uniq_natasha, uniq_grinder
D:4:      layout_layer_cave, uniq_duvessa
D:5:      layout_rooms, nemelex_dance_club_becter, kennysheep_vampire_church,
          minmay_temple_entry_wispy, serial_undead, serial_undead_e,
          serial_undead_f, serial_undead_d, serial_undead_b,
          nicolae_inconvenience_store
D:6:      layout_gridville, grunt_qazlal_clouds, serial_shops, shop_scrolls,
          uniq_menkaure, uniq_prince_ribbit1
D:7:      layout_loops_ring, lemuel_round_altar, mainiacjoe_overflow_24_doors,
          ebering_ghost_inner_flame
D:8:      layout_basic
Temple:   nicolae_temple_slightly_damp_pantheon

Skill      XL: |  1  2  3  4  5  6  7  8  9 |
---------------+----------------------------+-----
Fighting       | 3 4 5 6 |  6.5
Throwing       | 1 2 3 5 6 |  6.3
Dodging        | 3 4 5 6 |  6.5
Unarmed Combat | 3 4 6 7 |  7.4
Shields        | |  2.8

Action                   |  1- 3 |  4- 6 |  7- 9 || total
-------------------------+-------+-------+-------++-------
Melee: Unarmed           |    90 |   171 |   322 ||   583
Throw: Stone             |     9 |    33 |    22 ||    64
       Dart              |       |    14 |    19 ||    33
       Javelin           |       |       |     2 ||     2
  Use: Scroll            |       |     7 |    10 ||    17
       Potion            |       |       |     1 ||     1
 Stab: Sleeping          |     1 |       |       ||     1
Armor: Robe              |    29 |    43 |   105 ||   177
Dodge: Dodged            |    19 |    60 |   134 ||   213
Block: Kite shield       |    20 |    42 |   127 ||   189

Table legend: (Time is in decaauts)
 A = Elapsed time spent in this place.
 B = Non-inter-level travel time spent in this place.
 C = Inter-level travel time spent in this place.
 D = Time resting spent in this place.
 E = Time spent auto-exploring this place.
 F = Levels seen in this place.
 G = Mean time per level.
                   A        B        C        D        E       F      G
               +--------+--------+--------+--------+--------+-----+--------+
         Total |   7869 |   7000 |    869 |    631 |   3652 |   9 |  874.3 |
       Dungeon |   7642 |   6807 |    835 |    631 |   3487 |   8 |  955.2 |
        Temple |    226 |    192 |     34 |      0 |    165 |   1 |  226.0 |
               +--------+--------+--------+--------+--------+-----+--------+

Top non-repeatable levels by time:
     D:4: 1460 daAuts
     D:3: 1387 daAuts
     D:2: 1083 daAuts
     D:7: 1070 daAuts
     D:5: 1009 daAuts
     D:6: 826 daAuts
     D:1: 702 daAuts
  Temple: 226 daAuts
     D:8: 101 daAuts
